 Dungeon Crawl Stone Soup version 0.28-a0-589-g333b8329f1 (webtiles) character file.

Game seed: 16134828353544926270

207 dolemite99 the Firebug (level 5, -7/38 HPs)
             Began as a Hill Orc Fire Elementalist on Oct 4, 2021.
             Was an Initiate of Beogh.
             Mangled by an angel (9 damage)
             ... created by the Shining One
             ... on level 4 of the Dungeon.
             The game lasted 00:07:08 (5816 turns).

dolemite99 the Firebug (Hill Orc Fire Elementalist) Turns: 5816, Time: 00:07:08

Health: -7/38      AC:  7    Str: 11      XL:     5   Next: 85%
Magic:  7/7        EV: 11    Int: 14 (16) God:    Beogh [......]
Gold:   193        SH:  0    Dex: 15 (17) Spells: 4/7 levels left

rFire   + . .      SeeInvis .   b - staff of fire
rCold   . . .      Faith    .   (no shield)
rNeg    . . .      Spirit   .   d - +0 leather armour
rPois   .          Reflect  .   (no helmet)
rElec   .          Harm     .   (no cloak)
rCorr   .          Rampage  .   (no gloves)
Will    .....                   (no boots)
Stlth   +.........              s - amulet of the acrobat
HPRegen 0.12/turn               i - +4 ring of protection {=R}
MPRegen 0.10/turn               h - +6 ring of dexterity

@: glowing
A: no striking features
a: Renounce Religion


You were on level 4 of the Dungeon.
You worshipped Beogh.
Beogh was noncommittal.
You visited 1 branch of the dungeon, and saw 4 of its levels.

You collected 193 gold pieces.

Inventory:

Hand Weapons
 a - a +5 vorpal hunting sling
 j - a +0 hand axe
 n - a +3 vorpal spear
 q - a +0 rapier
Missiles
 c - 21 bolts
 f - 35 arrows
 p - 84 stones
Armour
 d - a +0 leather armour (worn)
 k - a +0 robe
 m - a +0 buckler
 o - a +0 helmet
Magical Staves
 b - a staff of fire (weapon)
 l - a staff of air
Jewellery
 h - a +6 ring of dexterity (right hand)
 i - a +4 ring of protection (left hand) {=R}
 s - an amulet of the acrobat (around neck)
Wands
 t - a wand of paralysis (11)
Scrolls
 e - a scroll of fear {unknown}
 g - a scroll of immolation {unknown}
Potions
 r - a potion of flight {unknown}


   Skills:
 - Level 1.5 Dodging
 - Level 1.5 Stealth
 - Level 1.5 Spellcasting
 + Level 4.3 Conjurations
 * Level 5.0 Fire Magic


You had 4 spell levels left.
You knew the following spells:

 Your Spells              Type           Power      Damage    Failure   Level
a - Foxfire               Conj/Fire      84%        2x1d8     4%          1
b - Scorch                Fire           44%        2d7       6%          2

Your spell library contained the following spells:

 Spells                   Type           Power      Damage    Failure   Level
 Conjure Flame            Conj/Fire      21%        6-21      14%         3
 Inner Flame              Hex/Fire       12%        N/A       34%         3
 Flame Wave               Conj/Fire      21%        3d6       43%         4
 Ignite Poison            Fire/Tmut/Pois 8%         N/A       45%         3
 Mephitic Cloud           Conj/Pois/Air  5%         N/A       47%         3
 Freezing Cloud           Conj/Ice/Air   2%         6-21      99%         5


Dungeon Overview and Level Annotations

Branches:
Dungeon (4/15)
 Temple: D:4-7

Altars:
The Shining One


Message History

You feel a surge of power!
You conjure some foxfire!
The scorpion stings you but does no damage.
The foxfire hits the scorpion.
You kill the scorpion!
Beogh accepts your kill.
You feel your strength returning.
Your Fire Magic skill increases to level 5!
Casting: Foxfire (safe; 4% risk of failure)
Confirm with . or Enter, or press ? or * to list all spells.
You feel a surge of power!
You conjure some foxfire!
Your foxfire dissipates!
Your foxfire dissipates! x2
You see here a scorpion corpse.
You start resting.
Magic restored.
You start resting.
The Shining One sends the divine host to punish you for your evil ways!
An angel comes into view. It is wielding a +2 whip of holy wrath.
a - a +5 vorpal hunting sling (weapon)
An angel is nearby!
You shoot a stone. The stone misses the angel.
The angel hits you with a +2 whip of holy wrath.
The angel hits you but does no damage.
You shoot a stone. The stone closely misses the angel.
The angel barely misses you.
The angel hits you with a +2 whip of holy wrath!
The angel hits you with a +2 whip of holy wrath. x2
You are too injured to fight recklessly!
You are too injured to fight recklessly!
You are too injured to fight recklessly!
You are too injured to fight recklessly!
Unknown command.
b - a staff of fire (weapon)
The angel hits you with a +2 whip of holy wrath!
* * * LOW HITPOINT WARNING * * *
The angel hits you with a +2 whip of holy wrath.
* * * LOW HITPOINT WARNING * * *
You barely miss the angel. The angel completely misses you.
The angel hits you with a +2 whip of holy wrath!
You die...

.. ... ....
....######
.........#
.....(...#
..(.....A######
.(.....@......#
..............#
##+######.....#
#.....# +.....#
#.....#
##+#####+#.....###
#..................
#................[..


You could see an angel.

Vanquished Creatures
  A scorpion (D:4)
  A jelly (D:3)
  Terence (D:2)
  Robin (D:2)
  A gnoll (D:2)
  A worm (D:3)
  2 dart slugs
  5 endoplasms
  5 giant cockroaches
  17 goblins
  2 hobgoblins (D:3)
  2 jackals (D:2)
  2 quokkas
  3 ball pythons
  7 bats
  5 frilled lizards
  3 kobolds
  2 rats (D:1)
61 creatures vanquished.

Vanquished Creatures (others)
  126 foxfires
126 creatures vanquished.

Grand Total: 187 creatures vanquished

Notes
Turn   | Place    | Note
-------+----------+-------------------------------------------
     0 | D:1      | dolemite99 the Hill Orc Fire Elementalist began the quest
                  | for the Orb.
     0 | D:1      | Reached XP level 1. HP: 14/14 MP: 3/3
   166 | D:1      | Found a faded altar of an unknown god.
   186 | D:1      | Became a worshipper of the Shining One
   186 | D:1      | Reached * piety under the Shining One
   418 | D:1      | Identified 2 scrolls of acquirement
   418 | D:1      | Acquired a staff of fire
   425 | D:1      | Acquired a +5 vorpal hunting sling
   833 | D:1      | Reached XP level 2. HP: 18/20 MP: 1/4
  1096 | D:1      | Learned a level 1 spell: Foxfire
  1099 | D:1      | Learned a level 2 spell: Scorch
  1320 | D:2      | Noticed Terence
  1337 | D:2      | Killed Terence
  1338 | D:2      | Reached XP level 3. HP: 6/26 MP: 0/5
  2723 | D:2      | Noticed Robin
  2737 | D:2      | Reached skill level 4 in Fire Magic
  3098 | D:2      | Killed Robin
  3099 | D:2      | Reached XP level 4. HP: 14/33 MP: 0/6
  4701 | D:3      | Found a glowing golden altar of the Shining One.
  4759 | D:3      | Reached XP level 5. HP: 38/38 MP: 4/7
  5618 | D:4      | Fell from the grace of the Shining One
  5618 | D:4      | Became a worshipper of Beogh the Brigand
  5784 | D:4      | Reached skill level 5 in Fire Magic
  5812 | D:4      | Noticed an angel
  5816 | D:4      | Mangled by an angel

Illustrated notes

Levels and vault maps discovered:
D:1:      minmay_arrival_stair_chambers, layout_loops_ring,
          dreamdust_ecumenical_altar_statues
D:2:      layout_loops_corners, cheibrodos_gnoll_hut, uniq_terence, uniq_robin
D:3:      layout_basic, tso_oasis_becter, minmay_misc_feat_rows, st_stairs_11
D:4:      layout_gridville

Skill      XL: |  1  2  3  4  5 |
---------------+----------------+-----
Conjurations   | 2 3 4 |  4.3
Fire Magic     | 4 5 |  5.0
Dodging        | |  1.5
Stealth        | |  1.5
Spellcasting   | |  1.5

Action                   |  1- 3 |  4- 6 || total
-------------------------+-------+-------++-------
Melee: Staff             |     3 |     2 ||     5
 Fire: Hunting sling     |       |    42 ||    42
 Cast: Foxfire           |    48 |    29 ||    77
Invok: Convert to Beogh  |       |     1 ||     1
  Use: Scroll            |     3 |       ||     3
       Potion            |       |     1 ||     1
Armor: Leather armour    |    22 |    33 ||    55
       Robe              |     2 |       ||     2
Dodge: Dodged            |    30 |    35 ||    65

Table legend: (Time is in decaauts)
 A = Elapsed time spent in this place.
 B = Non-inter-level travel time spent in this place.
 C = Inter-level travel time spent in this place.
 D = Time resting spent in this place.
 E = Time spent auto-exploring this place.
 F = Levels seen in this place.
 G = Mean time per level.
                   A        B        C        D        E       F      G
               +--------+--------+--------+--------+--------+-----+--------+
         Total |   5814 |   5707 |    107 |   2995 |   1830 |   4 | 1453.5 |
       Dungeon |   5814 |   5707 |    107 |   2995 |   1830 |   4 | 1453.5 |
               +--------+--------+--------+--------+--------+-----+--------+

Top non-repeatable levels by time:
     D:2: 2823 daAuts
     D:3: 1561 daAuts
     D:1: 1167 daAuts
     D:4: 262 daAuts
